[Event "*** SCC Grand Prix: Titled Tuesday Blitz"]
[Site "Chess.com"]
[Date "2020.06.23"]
[Round "3"]
[White "kingmonkey2006"]
[Black "AradNazari"]
[Result "1-0"]
[WhiteElo "2578"]
[BlackElo "2389"]
[TimeControl "180+1"]
[EndTime "10:31:34 PDT"]
[Termination "kingmonkey2006 won by checkmate"]

1. e4 e6 2. d4 d5 3. Nd2 c6 4.
Ngf3 Nf6 5. e5 Nfd7 6. c3 c5 7. Bd3 Nc6 8. O-O Be7 9. Re1 Nb6 10. Nf1 h6 11. a4 cxd4 12. Nxd4 Bd7 13. f4 Nxd4 14. cxd4 O-O 15. b3 Nc8 16. Ng3 Bh4 17. Qg4 Bxg3 18. hxg3 Ne7 19. Qf3 Nf5 20. Ba3 Re8 21.
Qf2 Qb6 22. g4 Nxd4 23. a5 Nf3+ 24. gxf3 Qxb3 25. Qd4 Qa4 26. Qxa4 Bxa4 27. Rab1 Bc6 28. Rec1 Rec8 29. Kf2 Kh8 30. g5 hxg5 31. fxg5 g6 32. Be7 Kg8 33. Bf6 Kf8 34. Rh1 Ke8 35. Rh7 d4 36. Rg7 a6 37. Rh1 Bd5 38. Rh8+ Kd7 39. Rxf7+ Kc6 40. Rxc8+ Rxc8 41. Bxg6 Kb5 42. Bd3+ Kxa5 43.
g6 Rc3 44. g7 Rxd3 45. g8=Q Rxf3+ 46. Ke1 Re3+ 47. Kd2 b5 48. Qd8+ Ka4 49. Qb6 Bc4 50.
Qxd4 Rh3 51. Qa1+ Kb3 52. Qb1+ Ka4 53. Ra7 Rh2+ 54. Ke3 Rh3+ 55. Kd4 a5 56. Qa1+ Kb3 57. Rxa5 Rd3+ 58. Ke4 Kc2 59. Bg5 Rd1 60. Qa3 Bd5+ 61.
Kf4 Rf1+ 62. Ke3 Rf3+ 63. Ke2 Rxa3 64. Rxa3 b4 65. Ra5 b3 66. Rc5+ Kb1 67. Be3 Be4 68.
Bd4 Bc2 69. Kd2 Ka2 70. Rxc2+ bxc2 71. Kxc2 Ka3 72. Kc3 Ka4 73. Kc4 Ka5 74. Kc5 Ka4 75. Kd6 Kb3 76. Kxe6 Kc4 77. Bb6 Kb5 78. Bd8 Kc6 79.
Kf6 Kd7 80. Ba5 Ke8 81. e6 Kf8 82. e7+ Ke8 83. Bb4 Kd7 84. Kf7 Kc7 85. e8=Q Kb7 86. Bc3 Kc7 87. Be5+ Kb7 88. Qb5+ Kc8 89. Qc6+ Kd8 90.
Bf6# 1-0

[Event "*** SCC Grand Prix: Titled Tuesday Blitz"]
[Site "Chess.com"]
[Date "2020.06.23"]
[Round "3"]
[White "TokChess"]
[Black "manitodeplomo"]
[Result "1-0"]
[WhiteElo "2380"]
[BlackElo "2537"]
[TimeControl "180+1"]
[EndTime "10:31:45 PDT"]
[Termination "TokChess won by checkmate"]

1. Nf3 h6 2. g3 g5 3. d4 Bg7 4. c4 e6 5. Nc3 Ne7 6. Bg2 d6 7. b3 Ng6 8. Bb2 O-O 9. O-O f5 10. Qd3 Nc6 11. d5 Nb4 12. Qd2 e5 13. Rac1 a5 14. Ne1 Na6 15. Nb5 b6 16. e3 h5 17. f4 h4 18. Nd3 hxg3 19. hxg3 gxf4 20. exf4 Bd7 21. Rce1 e4 22. Nf2 Bxb2 23. Qxb2 Qf6 24. Qxf6 Rxf6 25. Nd4 Kf7 26. Nh3 Nf8 27. Ng5+ Kg6 28.
g4 fxg4 29. Bxe4+ Kg7 30. f5 Nc5 31. Nde6+ Bxe6 32. Nxe6+ Nfxe6 33. dxe6 Re8 34. Bc2 Kh6 35. Kg2 Kg5 36. Kg3 Rh8 37. Rh1 Rxh1 38. Rxh1 Nxe6 39.
fxe6 Rxe6 40. Rh8 Re3+ 41. Kf2 Rc3 42. Bd1 Rc1 43. Be2 Rc2 44. Rg8+ Kf5 45. Ke3 Rxa2 46. Bxg4+ Kf6 47. Rc8 Rb2 48. Kd4 Rxb3 49. Rxc7 a4 50. Ra7 b5 51. cxb5 Rxb5 52. Rxa4 Rc5 53. Bf3 Rf5 54.
Be4 Rc5 55. Ra6 Ke7 56. Ra7+ Kf6 57. Rh7 Ke6 58. Rh6+ Ke7 59. Bd5 Rc1 60. Re6+ Kd7 61. Rh6 Rd1+ 62. Ke4 Re1+ 63. Kd4 Rd1+ 64. Kc4 Rc1+ 65.
Kb4 Rb1+ 66. Bb3 Re1 67. Kc3 Kc6 68. Bc4 Re3+ 69. Kd4 Rg3 70. Bd5+ Kc7 71. Rh7+ Kb6 72. Rb7+ Ka6 73. Rd7 Rg1 74. Rxd6+ Kb5 75. Rd8 Kb6 76. Rb8+ Kc7 77. Rb7+ Kd6 78. Rb6+ Kc7 79. Rc6+ Kd7 80. Rh6 Rd1+ 81. Ke5 Re1+ 82. Be4 Kc7 83. Rh7+ Kb6 84. Kd5 Rc1 85. Rh6+ Kb5 86. Bd3+ Kb4 87. Rb6+ Kc3 88. Rc6+ Kd2 89. Bc4 Ke3 90. Re6+ Kd2 91. Re2+ Kd1 92. Rh2 Rc3 93. Kd4 Rg3 94. Bd3 Ke1 95. Rh1+ Kf2 96. Rf1+ Kg2 97. Rf7 Rh3 98. Be4+ Kh2 99. Ke5 Rg3 100.
Kf4 Rg8 101. Rh7+ Kg1 102. Ke3 Rf8 103. Rh1# 1-0

[Event "*** SCC Grand Prix: Titled Tuesday Blitz"]
[Site "Chess.com"]
[Date "2020.06.23"]
[Round "3"]
[White "Alindsay211"]
[Black "pedromartinez91"]
[Result "1/2-1/2"]
[WhiteElo "2275"]
[BlackElo "2493"]
[TimeControl "180+1"]
[EndTime "10:31:57 PDT"]
[Termination "Game drawn - insufficient material"]

1. e4 e6 2. Nc3 d5 3. Nf3 dxe4 4.
Nxe4 Nd7 5. d4 Ngf6 6. Neg5 h6 7.
Nxe6 Qe7 8. Bd3 Qxe6+ 9. Kd2 Bd6 10. Re1 Bf4+ 11. Kc3 Nd5+ 12. Kb3 Ne3+ 13. c4 Qb6+ 14.
Kc3 O-O 15. Bxe3 Bxe3 16. Rxe3 c5 17. d5 Nf6 18. h3 Qa5+ 19. Kc2 b5 20. Qd2 Qb6 21.
cxb5 c4 22. Bxc4 Bf5+ 23. Kd1 Rac8 24. b3 Rfd8 25. Ke1 Be6 26. Rd1 Bxd5 27. Bxd5 Rxd5 28. Rd3 Rxd3 29. Qxd3 Qa5+ 30. Kf1 Qxa2 31. Ne5 Qa5 32. Kg1 Qc7 33. Nc4 Qc5 34. Ne3 Re8 35. Qd4 Qxb5 36. Qxa7 Qxb3 37. Qd4 Re4 38. Qd3 Qxd3 39. Rxd3 g6 40. Rd8+ Kg7 41. g3 h5 42. Kg2 h4 43.
Kf3 hxg3 44. fxg3 Re6 45. Rd4 Re5 46. Ng4 Nxg4 47. Kxg4 Re3 48. Kf4 Ra3 49. Rc4 Kf6 50. h4 Kg7 51. Rd4 Ra5 52. Kg4 Rf5 53. Rf4 Rb5 54.
Rd4 Ra5 55. Rc4 Kh6 56. Rf4 f5+ 57. Kh3 Kh5 58. Rc4 Ra3 59. Rc5 Kh6 60. Rc4 Kg7 61. Rd4 Kf6 62. Rc4 Ke5 63. Rb4 Kf6 64. Rc4 Re3 65.
Rb4 Kg7 66. Rc4 Kh6 67. Rb4 Re1 68. Rc4 Rh1+ 69. Kg2 Rb1 70. Kf3 Rb3+ 71. Kg2 Kh5 72. Rd4 Re3 73. Rc4 Re4 74. Rc6 Re5 75. Rc4 Re4 76.
Rc6 Ra4 77. Rb6 Rc4 78. Rd6 Rc2+ 79. Kh3 Rc4 80. Rd3 Re4 81. Rb3 f4 82. gxf4 Rxf4 83. Rc3 Rxh4+ 84. Kg3 Ra4 85. Rc5+ g5 86. Rc8 Rg4+ 87.
Kf2 Rb4 88. Kg3 Rb3+ 89. Kg2 Kg4 90. Rc4+ Kh5 91. Rc8 Kh4 92. Rc4+ g4 93. Rc8 Rb2+ 94. Kg1 Kg3 95. Rc3+ Kh4 96. Rc8 Kh3 97. Rc3+ g3 98. Rc1 Rh2 99. Rc5 Rg2+ 100. Kh1 Ra2 101. Rh5+ Kg4 102. Rh8 Ra1+ 103. Kg2 Ra2+ 104. Kg1 Kf4 105. Rf8+ Kg5 106. Rg8+ Kh4 107. Rh8+ Kg4 108. Rg8+ Kf3 109. Rf8+ Ke4 110. Rg8 Ra1+ 111. Kg2 Re1 112. Rxg3 Re2+ 113. Kh3 Re3 114. Kg4 Rxg3+ 115. Kxg3 1/2-1/2

[Event "*** SCC Grand Prix: Titled Tuesday Blitz"]
[Site "Chess.com"]
[Date "2020.06.23"]
[Round "4"]
[White "SilviusTiberius"]
[Black "Chuchofrio1"]
[Result "1-0"]
[WhiteElo "2417"]
[BlackElo "2219"]
[TimeControl "180+1"]
[EndTime "10:33:50 PDT"]
[Termination "SilviusTiberius won by resignation"]

1. e4 c5 2. Nf3 e6 3. d4 cxd4 4. Nxd4 Nf6 5. Nc3 Nc6 6. Ndb5 Bc5 7. Bf4 O-O 8. Bc7 Qe7 9. Bd6 Bxd6 10. Qxd6 Qd8 11.
O-O-O a6 12. Nd4 Na5 13. h4 b5 14. h5 b4 15. Qxb4 Rb8 16. Qxb8 1-0

[Event "*** SCC Grand Prix: Titled Tuesday Blitz"]
[Site "Chess.com"]
[Date "2020.06.23"]
[Round "4"]
[White "simplerXiao"]
[Black "j2806"]
[Result "1-0"]
[WhiteElo "2394"]
[BlackElo "2067"]
[TimeControl "180+1"]
[EndTime "10:33:56 PDT"]
[Termination "simplerXiao won by checkmate"]

1. c4 Nf6 2. g3 e6 3. Bg2 d5 4. Nf3 Be7 5. O-O O-O 6. b3 c5 7. Bb2 Nc6 8. cxd5 exd5 9. d4 cxd4 10. Nxd4 Nxd4 11. Qxd4 Be6 12. Nc3 a6 13. Rad1 Qa5 14. Nxd5 Nxd5 15. Qxg7# 1-0

[Event "*** SCC Grand Prix: Titled Tuesday Blitz"]
[Site "Chess.com"]
[Date "2020.06.23"]
[Round "4"]
[White "bazar-wokzal"]
[Black "Bastiandash"]
[Result "1-0"]
[WhiteElo "2420"]
[BlackElo "2222"]
[TimeControl "180+1"]
[EndTime "10:34:09 PDT"]
[Termination "bazar-wokzal won by checkmate"]

1. e4 c5 2. c3 Nf6 3. e5 Nd5 4. d4 cxd4 5. cxd4 e6 6. Nc3 Nxc3 7. bxc3 Qc7 8. Bd2 d6 9. f4 Nd7 10. Nf3 b6 11. Bd3 Bb7 12. O-O Rc8 13. f5 dxe5 14.
fxe6 fxe6 15. Ng5 Be7 16. Nxe6 Qc6 17. Qh5+ g6 18. Qxg6+ hxg6 19. Bxg6# 1-0

[Event "*** SCC Grand Prix: Titled Tuesday Blitz"]
[Site "Chess.com"]
[Date "2020.06.23"]
[Round "4"]
[White "PauloCesarCosta_sad"]
[Black "dodorox"]
[Result "1/2-1/2"]
[WhiteElo "2259"]
[BlackElo "2032"]
[TimeControl "180+1"]
[EndTime "10:34:13 PDT"]
[Termination "Game drawn by agreement"]

1. Nf3 d5 2. d4 Nf6 3. c4 e6 4. Nc3 Bb4 5. Bg5 h6 6. Bxf6 Qxf6 7. e3 O-O 8. Rc1 Nc6 9. Be2 a6 10. O-O dxc4 11. Bxc4 Bxc3 12. Rxc3 e5 1/2-1/2

[Event "*** SCC Grand Prix: Titled Tuesday Blitz"]
[Site "Chess.com"]
[Date "2020.06.23"]
[Round "4"]
[White "Colombiano07"]
[Black "bratkoo"]
[Result "0-1"]
[WhiteElo "2217"]
[BlackElo "2415"]
[TimeControl "180+1"]
[EndTime "10:34:18 PDT"]
[Termination "bratkoo won by resignation"]

1. Nf3 e6 2. b3 d5 3. Bb2 Nf6 4. e3 c5 5. c4 Nc6 6. cxd5 exd5 7. d4 Bg4 8. Nbd2 cxd4 9. exd4 Bb4 10. Be2 O-O 11.
O-O Re8 12. Ne5 Bxe2 13. Qxe2 Qb6 14. Ndf3 Ne4 15. Qd3 Rac8 16. Rac1 Qa5 17. a4 Bd6 18. Nxc6 bxc6 19. Bc3 Qb6 20. b4 Bxb4 21. Rb1 Nxc3 0-1

[Event "*** SCC Grand Prix: Titled Tuesday Blitz"]
[Site "Chess.com"]
[Date "2020.06.23"]
[Round "4"]
[White "GOGIEFF"]
[Black "12teen"]
[Result "1-0"]
[WhiteElo "2893"]
[BlackElo "2679"]
[TimeControl "180+1"]
[EndTime "10:34:46 PDT"]
[Termination "GOGIEFF won by resignation"]

1. d4 e6 2. c4 b6 3. a3 Bb7 4. Nc3 Nf6 5. Nf3 d5 6. cxd5 exd5 7. Bg5 Nbd7 8. e3 Be7 9. Bd3 O-O 10. O-O Ne4 11. Bf4 Ndf6 12. Rc1 c5 13. Ne5 a6 14. dxc5 Nxc5 15. Bf5 Ne6 16. Bxe6 fxe6 17. Ne2 Bd6 18. Nd4 Qe7 19. Qb3 b5 20. Nec6 Bxc6 21. Bxd6 Qxd6 22.
Rxc6 Qd7 23. Rxe6 Ne4 24. Rxe4 1-0

[Event "*** SCC Grand Prix: Titled Tuesday Blitz"]
[Site "Chess.com"]
[Date "2020.06.23"]
[Round "4"]
[White "CroissantNeuf"]
[Black "biaf13"]
[Result "1-0"]
[WhiteElo "2386"]
[BlackElo "2018"]
[TimeControl "180+1"]
[EndTime "10:35:03 PDT"]
[Termination "CroissantNeuf won by resignation"]

1. e4 c5 2. Nf3 d6 3. Bb5+ Bd7 4.
Bxd7+ Qxd7 5. O-O Nc6 6. c3 Nf6 7. d4 cxd4 8. cxd4 Nxe4 9. d5 Nd8 10. Re1 Nf6 11. Bg5 h6 12. Bh4 g5 13. Bg3 Bg7 14.
Nc3 O-O 15. Nd4 Rc8 16. Qd3 Rc5 17. Nf5 b5 18. Rxe7 Qc8 19. Rxa7 b4 20. Ne7+ 1-0

[Event "*** SCC Grand Prix: Titled Tuesday Blitz"]
[Site "Chess.com"]
[Date "2020.06.23"]
[Round "4"]
[White "Irishchessman16"]
[Black "maciek_92"]
[Result "0-1"]
[WhiteElo "2450"]
[BlackElo "2702"]
[TimeControl "180+1"]
[EndTime "10:35:16 PDT"]
[Termination "maciek_92 won by resignation"]

1. e4 e5 2. Nf3 Nc6 3. Bc4 Nf6 4.
d3 Be7 5. O-O d6 6. h3 O-O 7. a4 Kh8 8. c3 Ng8 9. Re1 f5 10. exf5 Bxf5 11. d4 e4 12. Nfd2 d5 13. Be2 Bd6 14. Nf1 Qh4 15. Be3 Nh6 16. Qd2 Be6 17. Bg5 Qxf2+ 18. Kh1 Nf5 19. Bg4 Qxf1+ 20. Rxf1 Ng3+ 0-1

[Event "*** SCC Grand Prix: Titled Tuesday Blitz"]
[Site "Chess.com"]
[Date "2020.06.23"]
[Round "4"]
[White "Marcin"]
[Black "ChessMavenYeti"]
[Result "1-0"]
[WhiteElo "2389"]
[BlackElo "2092"]
[TimeControl "180+1"]
[EndTime "10:35:27 PDT"]
[Termination "Marcin won by checkmate"]

1. d4 Nf6 2. c4 e6 3. Nf3 b6 4. g3 Ba6 5. Qc2 c5 6. d5 Bb7 7. Bg2 exd5 8. cxd5 Bxd5 9. Nc3 Bc6 10. e4 d6 11. O-O Be7 12. Bf4 O-O 13. Rad1 Re8 14. e5 Nh5 15. exd6 Bf8 16. d7 Re7 17. Bxb8 Rxb8 18.
Ng5 Bxg2 19. Qxh7# 1-0

[Event "*** SCC Grand Prix: Titled Tuesday Blitz"]
[Site "Chess.com"]
[Date "2020.06.23"]
[Round "4"]
[White "RestartingChess"]
[Black "inegrepus"]
[Result "1-0"]
[WhiteElo "2445"]
[BlackElo "2226"]
[TimeControl "180+1"]
[EndTime "10:35:39 PDT"]
[Termination "RestartingChess won by checkmate"]

1. e4 e5 2. Nf3 Nc6 3. Bc4 Nf6 4. d3 Be7 5. O-O O-O 6. h3 d5 7.
exd5 Nxd5 8. Re1 Nb6 9. Bb3 Qd6 10. Nc3 Be6 11. Nb5 Qd7 12. Bxe6 fxe6 13. a4 Bf6 14. Bg5 a6 15. Nc3 Nd5 16. Ne4 Nf4 17.
Bxf4 exf4 18. Nc5 Qd5 19. Nxe6 Rfe8 20. Nxc7 Rxe1+ 21. Qxe1 Qd8 22. Nxa8 Qxa8 23. Qe6+ Kh8 24. Re1 h6 25. c3 Qa7 26. d4 Na5 27. Qc8+ Kh7 28.
Qf5+ Kg8 29. Re8+ Kf7 30. Qe6+ Kg6 31. Ne5+ Kg5 32. Qg4# 1-0

[Event "*** SCC Grand Prix: Titled Tuesday Blitz"]
[Site "Chess.com"]
[Date "2020.06.23"]
[Round "4"]
[White "eCztery"]
[Black "stanyga"]
[Result "1-0"]
[WhiteElo "2368"]
[BlackElo "2596"]
[TimeControl "180+1"]
[EndTime "10:35:46 PDT"]
[Termination "eCztery won by resignation"]

1. e4 c5 2. Nf3 d6 3. d4 cxd4 4.
Qxd4 Nc6 5. Bb5 Bd7 6. Bxc6 Bxc6 7. Nc3 Nf6 8. Bg5 e6 9. O-O-O Be7 10. Rhe1 O-O 11.
Kb1 Qa5 12. Qd2 Qc7 13. Nd4 Rfd8 14. f4 Rac8 15. h4 Be8 16. f5 e5 17. Bxf6 gxf6 18. Nd5 Qd7 19. Qh6 1-0

[Event "*** SCC Grand Prix: Titled Tuesday Blitz"]
[Site "Chess.com"]
[Date "2020.06.23"]
[Round "4"]
[White "rududuyk"]
[Black "Grandmaster2B"]
[Result "0-1"]
[WhiteElo "2157"]
[BlackElo "2420"]
[TimeControl "180+1"]
[EndTime "10:35:51 PDT"]
[Termination "Grandmaster2B won by checkmate"]

1. e4 c5 2. Nf3 d6 3. d4 cxd4 4. Nxd4 Nf6 5. Nc3 a6 6. f3 e5 7.
Nb3 Be6 8. Be3 h5 9. Qd2 Be7 10. O-O-O Nbd7 11. h3 h4 12. f4 Qc7 13. f5 Bc4 14. Bxc4 Qxc4 15. Kb1 Nxe4 16. Nxe4 Qxe4 17. Rhf1 a5 18. Bg5 a4 19. Bxe7 axb3 20. Qxd6 Qxc2+ 21. Ka1 Rxa2# 0-1

[Event "*** SCC Grand Prix: Titled Tuesday Blitz"]
[Site "Chess.com"]
[Date "2020.06.23"]
[Round "4"]
[White "Gennady_Kozlov"]
[Black "WPWPWP-2015"]
[Result "0-1"]
[WhiteElo "2545"]
[BlackElo "2359"]
[TimeControl "180+1"]
[EndTime "10:35:53 PDT"]
[Termination "WPWPWP-2015 won by resignation"]

1. b3 e5 2. Bb2 Nc6 3. e3 Nf6 4. Be2 d5 5. d4 exd4 6. exd4 Bd6 7. Nf3 O-O 8. O-O Bf5 9. Ne5 Re8 10. f4 Ne4 11.
Bf3 f6 12. Nxc6 bxc6 13. Nd2 Bxf4 14. Bxe4 Be3+ 15. Kh1 Bxe4 16. Nxe4 Rxe4 17. Qd3 Qd6 18. Rf3 Rae8 19. Raf1 Bg5 20. c4 Rh4 21. h3 Rhe4 22.
Bc3 Re3 23. Rxe3 Rxe3 24. Qc2 Qg3 25. Ba5 Bf4 26. Rxf4 Qxf4 27. cxd5 Qf1+ 28. Kh2 Qf4+ 29. Kh1 Qf1+ 30. Kh2 Re2 0-1

[Event "*** SCC Grand Prix: Titled Tuesday Blitz"]
[Site "Chess.com"]
[Date "2020.06.23"]
[Round "4"]
[White "GadimbayliA"]
[Black "kleinebeer98"]
[Result "1-0"]
[WhiteElo "2877"]
[BlackElo "2664"]
[TimeControl "180+1"]
[EndTime "10:36:00 PDT"]
[Termination "GadimbayliA won by resignation"]

1. e4 e5 2. Nf3 Nc6 3. Nc3 Nf6 4. d4 exd4 5. Nxd4 Bb4 6. Nxc6 bxc6 7. Bd3 d5 8. exd5 O-O 9. O-O Bg4 10. f3 Bh5 11. Bg5 cxd5 12. Bxf6 Qxf6 13. Nxd5 Qxb2 14. Rb1 Bc5+ 15.
Kh1 Qxa2 16. Rb5 Qa3 17. Qd2 Bd6 18. Nf6+ gxf6 19. Rxh5 Rfe8 20. Qh6 1-0

[Event "*** SCC Grand Prix: Titled Tuesday Blitz"]
[Site "Chess.com"]
[Date "2020.06.23"]
[Round "4"]
[White "Gurvich_Vitaly"]
[Black "dawtonlms"]
[Result "1-0"]
[WhiteElo "2551"]
[BlackElo "2388"]
[TimeControl "180+1"]
[EndTime "10:36:03 PDT"]
[Termination "Gurvich_Vitaly won by resignation"]

1. e4 c5 2. Nf3 e6 3. g3 Nc6 4. Bg2 Nf6 5. d3 d5 6. exd5 Nxd5 7. O-O Be7 8. a4 O-O 9. Na3 Nd4 10. Nc4 b6 11.
Nfe5 Bb7 12. c3 Nf5 13. Qe2 Rb8 14. a5 b5 15. a6 Ba8 16. Na5 Qb6 17. Nb7 Bxb7 18.
axb7 Nd6 19. Nd7 Qxb7 20. Nxf8 Bxf8 21. c4 1-0

[Event "*** SCC Grand Prix: Titled Tuesday Blitz"]
[Site "Chess.com"]
[Date "2020.06.23"]
[Round "4"]
[White "Vandros57"]
[Black "luizwas"]
[Result "1/2-1/2"]
[WhiteElo "2181"]
[BlackElo "1808"]
[TimeControl "180+1"]
[EndTime "10:36:09 PDT"]
[Termination "Game drawn by repetition"]

1. d4 e6 2. Nf3 f5 3. g3 Nf6 4. Bg2 c6 5. c4 d5 6. Nbd2 Bd6 7. O-O O-O 8. Ne5 Nbd7 9. Nd3 Ne4 10. Nf3 Ndf6 11.
b3 b6 12. Qc2 Ba6 13. a4 c5 14. dxc5 bxc5 15. Ba3 Rb8 16. cxd5 Nxd5 17. Nb2 Qf6 18.
Nc4 Bxc4 19. Qxc4 Rfc8 20. Rfd1 Nec3 21. Re1 Ne4 22. Red1 Nec3 23. Re1 Ne4 24. Red1 1/2-1/2

[Event "*** SCC Grand Prix: Titled Tuesday Blitz"]
[Site "Chess.com"]
[Date "2020.06.23"]
[Round "4"]
[White "chigorin28"]
[Black "Grieve72"]
[Result "1-0"]
[WhiteElo "2422"]
[BlackElo "2237"]
[TimeControl "180+1"]
[EndTime "10:36:23 PDT"]
[Termination "chigorin28 won by resignation"]

1. e4 c5 2. Nf3 e6 3. c3 Nf6 4. e5 Nd5 5. d4 cxd4 6. cxd4 d6 7. Bd3 Nb4 8. Bb5+ Bd7 9. Bxd7+ Nxd7 10. exd6 Bxd6 11. O-O O-O 12. Nc3 h6 13. Re1 a6 14.
a3 Nd5 15. Nxd5 exd5 16. Qb3 Nb6 17. Bd2 Rb8 18. Ba5 Bc7 19. Rac1 Nc4 20. Bxc7 Qxc7 21.
Qb4 Qb6 22. Rxc4 1-0

[Event "*** SCC Grand Prix: Titled Tuesday Blitz"]
[Site "Chess.com"]
[Date "2020.06.23"]
[Round "4"]
[White "DrVelja"]
[Black "Thipsay"]
[Result "0-1"]
[WhiteElo "2814"]
[BlackElo "2484"]
[TimeControl "180+1"]
[EndTime "10:36:29 PDT"]
[Termination "Thipsay won by checkmate"]

1. e4 e5 2. Nf3 Nc6 3. Bb5 a6 4.
Ba4 Nf6 5. O-O Be7 6. d3 b5 7.
Bb3 O-O 8. a4 Rb8 9. axb5 axb5 10. Nc3 d6 11. Nd5 Nxd5 12. Bxd5 Bd7 13. c3 Bf6 14.
Be3 Ne7 15. Ba7 Nxd5 16. Bxb8 Nf4 17. Ba7 c5 18. d4 Qc7 19. dxc5 dxc5 20. Bxc5 Bh3 21.
Bxf8 Bxg2 22. Ra8 Qb7 23. Qa1 h6 24. Nd2 Bxe4 25. Nxe4 Qxe4 26. Bc5+ Kh7 27. Qb1 Ne2# 0-1

[Event "*** SCC Grand Prix: Titled Tuesday Blitz"]
[Site "Chess.com"]
[Date "2020.06.23"]
[Round "4"]
[White "Igor_Lysyj"]
[Black "RaunakSadhwani2005"]
[Result "1/2-1/2"]
[WhiteElo "2758"]
[BlackElo "2892"]
[TimeControl "180+1"]
[EndTime "10:36:32 PDT"]
[Termination "Game drawn by agreement"]

1. d4 Nf6 2. c4 Nc6 3. Nf3 e6 4. g3 Bb4+ 5. Bd2 Qe7 6. e3 a5 7.
Bg2 Bxd2+ 8. Qxd2 d6 9. Nc3 O-O 10. O-O Rd8 11. e4 e5 12. h3 exd4 13. Nxd4 Nxd4 14.
Qxd4 Qe5 15. Rad1 Be6 16. b3 Qxd4 17. Rxd4 Nd7 18. f4 f6 19. Rfd1 Kf8 20. Nb5 Rac8 21. Kh2 Ke7 22. Bf3 Nc5 23. h4 g6 24. Kg2 Rd7 25. Kf2 Rcd8 26. Nc3 c6 1/2-1/2

[Event "*** SCC Grand Prix: Titled Tuesday Blitz"]
[Site "Chess.com"]
[Date "2020.06.23"]
[Round "4"]
[White "Ginger_GM"]
[Black "KNCP_719"]
[Result "1-0"]
[WhiteElo "2666"]
[BlackElo "2469"]
[TimeControl "180+1"]
[EndTime "10:36:34 PDT"]
[Termination "Ginger_GM won by resignation"]

1. e4 e5 2. f4 exf4 3. Bc4 Nf6 4. Nc3 Bb4 5. Nge2 O-O 6. O-O Re8 7. Nxf4 c6 8. Nh5 d5 9. Nxf6+ gxf6 10. exd5 Kh8 11. Qh5 1-0

[Event "*** SCC Grand Prix: Titled Tuesday Blitz"]
[Site "Chess.com"]
[Date "2020.06.23"]
[Round "4"]
[White "wannabe2700"]
[Black "kintoho"]
[Result "1-0"]
[WhiteElo "2692"]
[BlackElo "2360"]
[TimeControl "180+1"]
[EndTime "10:36:37 PDT"]
[Termination "wannabe2700 won on time"]

1. b3 d5 2. Bb2 Nf6 3. e3 Bf5 4. f4 e6 5. Nf3 Nbd7 6. Bd3 Bxd3 7. cxd3 Be7 8. O-O O-O 9. Nc3 c6 10. Qe1 c5 11. Ne2 Ne8 12. Qg3 Bf6 13. Ne5 Nxe5 14. fxe5 Bh4 15. Qh3 Bg5 16. Rf3 1-0

[Event "*** SCC Grand Prix: Titled Tuesday Blitz"]
[Site "Chess.com"]
[Date "2020.06.23"]
[Round "4"]
[White "DenLaz"]
[Black "Raffaello123"]
[Result "1-0"]
[WhiteElo "2706"]
[BlackElo "2478"]
[TimeControl "180+1"]
[EndTime "10:36:41 PDT"]
[Termination "DenLaz won by resignation"]

1. d4 Nf6 2. c4 c5 3. d5 e6 4. Nc3 exd5 5. cxd5 d6 6. e4 g6 7.
Nf3 a6 8. Bd3 b5 9. a3 Bg7 10. h4 Bg4 11. Ne2 Qe7 12. Nh2 Bxe2 13. Qxe2 O-O 14. Bg5 h6 15. Bd2 Re8 16. O-O Nxd5 17.
Qf3 Nb6 18. e5 dxe5 19. h5 e4 20. Bxe4 Qxe4 21. Rae1 f5 22. hxg6 Nc6 23. Rxe4 Rxe4 24. Qxf5 Rae8 25. Qf7+ Kh8 26. Bxh6 1-0

[Event "*** SCC Grand Prix: Titled Tuesday Blitz"]
[Site "Chess.com"]
[Date "2020.06.23"]
[Round "4"]
[White "Yoshikrov"]
[Black "chessablanca"]
[Result "0-1"]
[WhiteElo "2011"]
[BlackElo "2381"]
[TimeControl "180+1"]
[EndTime "10:36:42 PDT"]
[Termination "chessablanca won by checkmate"]

1. e4 e5 2. Nf3 Nc6 3. Bc4 Bc5 4. d3 Nf6 5. O-O d6 6. c3 Be6 7. Bxe6 fxe6 8. b4 Bb6 9. a4 a5 10. b5 Ne7 11. Qb3 Qd7 12. Ng5 d5 13. Ba3 h6 14. Nf3 Ng6 15. exd5 exd5 16. Re1 O-O-O 17. Nxe5 Nxe5 18. Rxe5 Bxf2+ 19. Kh1 Rde8 20. d4 Rxe5 21. dxe5 Ne4 22. Ra2 Qf5 23. c4 Ng3+ 24. hxg3 Qh5# 0-1

[Event "*** SCC Grand Prix: Titled Tuesday Blitz"]
[Site "Chess.com"]
[Date "2020.06.23"]
[Round "4"]
[White "hermionegrangermagic"]
[Black "BocharovD"]
[Result "1-0"]
[WhiteElo "2534"]
[BlackElo "2718"]
[TimeControl "180+1"]
[EndTime "10:36:43 PDT"]
[Termination "hermionegrangermagic won by resignation"]

1. e4 c5 2. Nf3 e6 3. d4 cxd4 4. Nxd4 a6 5. Nc3 Qc7 6. Be2 Nf6 7. O-O d6 8. Be3 Be7 9. f4 b5 10.
a3 Bb7 11. Bf3 Nbd7 12. Qe1 O-O 13. Qg3 Nc5 14. e5 Nfe4 15. Bxe4 Nxe4 16. Nxe4 Bxe4 17. f5 Bxf5 18. Rxf5 exf5 19. Nxf5 g6 20. Bd4 Qd7 21. Nh6+ Kg7 22. e6+ 1-0

[Event "*** SCC Grand Prix: Titled Tuesday Blitz"]
[Site "Chess.com"]
[Date "2020.06.23"]
[Round "4"]
[White "j_coca"]
[Black "Casablanca"]
[Result "1-0"]
[WhiteElo "2202"]
[BlackElo "2329"]
[TimeControl "180+1"]
[EndTime "10:36:43 PDT"]
[Termination "j_coca won by resignation"]

1. f4 d5 2. Nf3 Bg4 3. e3 Nc6 4. d4 h5 5. c3 Nh6 6. Bd3 e6 7. O-O Bf5 8. Qc2 Bxd3 9. Qxd3 Be7 10. Nbd2 f5 11. Ne5 Nxe5 12. fxe5 c6 13. a4 g5 14. b3 h4 15. Ba3 Bxa3 16. Rxa3 Qe7 17. Ra2 a6 18. a5 g4 19. c4 O-O-O 20. b4 Qxb4 21. Rb1 Qe7 22. Rab2 Rd7 23. cxd5 exd5 24. Qxa6 Rc7 25. Rxb7 Kd8 26. Qa8+ Rc8 27. Qxc8+ Kxc8 28. Rxe7 1-0

[Event "*** SCC Grand Prix: Titled Tuesday Blitz"]
[Site "Chess.com"]
[Date "2020.06.23"]
[Round "4"]
[White "Man-Chuk"]
[Black "Th3_Hound"]
[Result "1-0"]
[WhiteElo "2843"]
[BlackElo "2549"]
[TimeControl "180+1"]
[EndTime "10:36:49 PDT"]
[Termination "Man-Chuk won by resignation"]

1. c4 c5 2. Nc3 Nc6 3. g3 g6 4. Bg2 Bg7 5. d3 d6 6. Qd2 e6 7.
b3 Nge7 8. Bb2 O-O 9. h4 h6 10. Nh3 b6 11. h5 g5 12. Nxg5 hxg5 13. h6 Bd4 14. Qxg5+ Kh8 15. e3 Rg8 16. Qh4 Bxc3+ 17. Bxc3+ Kh7 18. Qf6 Qe8 19. Be4+ Ng6 20. Qg7+ Rxg7 21.
hxg7+ Kg8 22. Rh8+ 1-0

[Event "*** SCC Grand Prix: Titled Tuesday Blitz"]
[Site "Chess.com"]
[Date "2020.06.23"]
[Round "4"]
[White "econpower"]
[Black "Salem-AR"]
[Result "0-1"]
[WhiteElo "2734"]
[BlackElo "2924"]
[TimeControl "180+1"]
[EndTime "10:36:52 PDT"]
[Termination "Salem-AR won by resignation"]

1. c4 g6 2. g3 Bg7 3. Bg2 c5 4. Nc3 Nc6 5. e3 Nf6 6. Nge2 O-O 7. O-O d6 8. a3 Rb8 9. b4 Bd7 10. Rb1 b6 11. d3 Qc8 12. b5 Na5 13. e4 Bh3 14. Bd2 Bxg2 15. Kxg2 Rd8 16. Nd5 Nxd5 17. exd5 Nb7 18. Bc3 e5 19. f4 f5 20. Qd2 Qc7 21.
Rbe1 Rf8 22. Ng1 Rbe8 23. Nf3 Nd8 24. Qb2 Nf7 25. Re2 Re7 26. Rfe1 Rfe8 27. a4 h6 28. a5 bxa5 29. Qa1 a4 30. Qxa4 e4 0-1